 Dungeon Crawl Stone Soup version 0.28.0-53-g5a82cb258f (webtiles) character file.

Game seed: 712215123342452883

829883 Godmorgon the Conqueror (level 27, -3/233 (273) HPs)
             Began as a Minotaur Fighter on Aug 2, 2022.
             Was a High Priest of the Shining One.
             Killed from afar by Dispater (68 damage)
             ... with a crystal spear
             ... on level 7 of the Iron City of Dis on Aug 6, 2022.
             The game lasted 16:08:59 (113561 turns).

Godmorgon the Conqueror (Minotaur Fighter)        Turns: 113561, Time: 16:08:59

HP:   -3/233 (273)  AC: 49    Str: 33    XL:     27
MP:   11/35         EV: 17    Int: 12    God:    the Shining One [*****.]
Gold: 10180         SH: 53    Dex: 11    Spells: 26/26 levels left

rFire   + + +      SeeInvis +   a - +9 sacred scourge (holy)
rCold   + + +      Faith    .   r - +8 tower shield {rF+}
rNeg    + + +      Spirit   .   U - +12 gold dragon scales
rPois   +          Reflect  +   d - +2 hat
rElec   +          Harm     .   X - +2 cloak {rC+}
rCorr   +          Rampage  .   m - +2 pair of gloves {Str+3}
Will    ++...                   S - +4 pair of boots of the Trout {rPois Int+3 Dex-2 SInv}
Stlth   ..........              P - amulet "Wiuter" {Reflect Int+2 Slay+3 SH+5}
HPRegen 0.48/turn               f - ring "Nerieck" {rElec rF+ rN+ rCorr SInv}
MPRegen 0.24/turn               j - +4 ring of slaying

@: mighty, divinely shielded, glowing, studying 2 skills, heavily drained,
corroded
A: horns 2, retaliatory headbutt, iridescent scales 1, cold resistance 1, low MP
1, MP-powered wands
}: 6/15 runes: serpentine, barnacled, slimy, silver, obsidian, abyssal
a: Renounce Religion, Divine Shield, Cleansing Flame, Summon Divine Warrior


You were on level 7 of the Iron City of Dis.
You worshipped the Shining One.
The Shining One was extremely pleased with you.
You visited 16 branches of the dungeon, and saw 73 of its levels.
You visited the Abyss 4 times.
You visited 1 bazaar.
You also visited: Trove, Sewer, Ossuary, Bailey, Gauntlet, Ice Cave and Desolation.

You collected 12450 gold pieces.
You spent 2270 gold pieces at shops.

Inventory:

Hand Weapons
 a - a +9 sacred scourge of holy wrath (weapon)
 b - the +7 mace "Alepupt" {flame, rF+ SInv}
   (You found it on level 2 of the Dungeon)

   It burns those it strikes, dealing additional fire damage.
   rF:        It protects you from fire.
   SInv:      It lets you see invisible.
Missiles
 c - 15 boomerangs
 k - 14 atropa-tipped darts
 p - 8 curare-tipped darts
 x - 10 datura-tipped darts
 E - 29 javelins
 F - 9 boomerangs of dispersal
 H - 10 silver boomerangs
 N - 12 throwing nets
 T - 8 silver javelins (quivered)
Armour
 d - a +2 hat (worn)
 m - a +2 pair of gloves of strength (worn)
 r - a +8 tower shield of fire resistance (worn)
 S - the +4 pair of boots of the Trout (worn) {rPois Int+3 Dex-2 SInv}
   (You found it in a Gauntlet)

   Int:       It affects your intelligence (+3).
   Dex:       It affects your dexterity (-2).
   rPois:     It protects you from poison.
   SInv:      It lets you see invisible.
 U - +12 gold dragon scales (worn)
 X - a +2 cloak of cold resistance (worn)
Jewellery
 f - the ring "Nerieck" (left hand) {rElec rF+ rN+ rCorr SInv}
   (You found it in a treasure trove)

   [ring of resist corrosion]

   rF:        It protects you from fire.
   rElec:     It insulates you from electricity.
   rN:        It protects you from negative energy.
   SInv:      It lets you see invisible.
   rCorr:     It protects you from acid and corrosion.
 i - the amulet "Uppuo" {RegenMP +Inv Will+ Str+6 Dex-2}
   (You found it in a treasure trove)

   [amulet of magic regeneration]

   It increases your rate of magic regeneration.
   Str:       It affects your strength (+6).
   Dex:       It affects your dexterity (-2).
   +Inv:      It lets you turn invisible.
   Will:      It increases your willpower.
 j - a +4 ring of slaying (right hand)
 o - the amulet of Vitality {Regen+ HP+15}
   (You bought it in a shop in a bazaar)

   [amulet of regeneration]

   HP:        It affects your health (+15).
   Regen:     It increases your rate of health regeneration.
 s - the macabre finger necklace {rN+}
   (You bought it in a shop in a bazaar)

   [amulet of nothing]

   It enables you to equip an extra ring.
   rN:        It protects you from negative energy.
 w - the amulet of the Four Winds {rN+ Will+++ Clar}
   (You found it on level 7 of Gehenna)

   [amulet of nothing]

   rN:        It protects you from negative energy.
   Clar:      It protects you against confusion.
   Will:      It greatly increases your willpower.
 K - a ring of willpower
 O - the ring of Paopoyg {rElec rC+ Str+6 Dex+4}
   (You found it on level 3 of the Crypt)

   [ring of strength]

   Str:       It affects your strength (+6).
   Dex:       It affects your dexterity (+4).
   rC:        It protects you from cold.
   rElec:     It insulates you from electricity.
 P - the amulet "Wiuter" (around neck) {Reflect Int+2 Slay+3 SH+5}
   (You acquired it on level 5 of the Vaults)

   [amulet of reflection]

   It reflects blocked missile attacks.
   Int:       It affects your intelligence (+2).
   Slay:      It affects your accuracy & damage with ranged weapons and melee
   (+3).
   SH:        It affects your SH (+5).
Wands
 L - a wand of digging (22)
Scrolls
 g - 6 scrolls of silence
 u - 14 scrolls of fog
 A - 16 scrolls of fear
 B - 13 scrolls of teleportation
 C - 11 scrolls of magic mapping
 D - 6 scrolls of summoning
 G - 6 scrolls of blinking
 I - 5 scrolls of enchant weapon
Potions
 e - 10 potions of flight
 h - 16 potions of mutation
 l - 4 potions of cancellation
 n - 8 potions of haste
 q - 5 potions of resistance
 t - 5 potions of heal wounds
 v - 20 potions of curing
 J - 12 potions of might
 R - 9 potions of lignification


   Skills:
 O Level 27 Fighting
 + Level 15.4 Maces & Flails
 + Level 16.8 Throwing
 O Level 27 Armour
 O Level 27 Dodging
 - Level 1.0 Stealth
 O Level 27 Shields
 O Level 27 Invocations


You had 26 spell levels left.
You didn't know any spells.
Your spell library contained the following spells:

 Spells                   Type           Power      Damage    Failure   Level
 Animate Skeleton         Necr           0%         N/A       83%         1
 Apportation              Tloc           0%         N/A       83%         1
 Magic Dart               Conj           0%         1d3       83%         1
 Pain                     Necr           0%         1d4       83%         1
 Sandblast                Erth           0%         2d4       83%         1
 Shock                    Conj/Air       0%         1d3       83%         1
 Slow                     Hex            0%         N/A       83%         1
 Sting                    Tmut/Pois      0%         1d3       83%         1
 Summon Small Mammal      Summ           0%         N/A       83%         1
 Blink                    Tloc           0%         N/A       92%         2
 Call Imp                 Summ           0%         N/A       92%         2
 Corpse Rot               Necr/Air       0%         N/A       92%         2
 Ensorcelled Hibernation  Hex/Ice        0%         N/A       92%         2
 Passwall                 Tmut/Erth      0%         N/A       92%         2
 Poisonous Vapours        Pois/Air       0%         N/A       92%         2
 Scorch                   Fire           0%         2d5       92%         2
 Searing Ray              Conj           0%         2d4       92%         2
 Static Discharge         Conj/Air       0%         N/A       92%         2
 Sublimation of Blood     Necr           0%         N/A       92%         2
 Wereblood                Tmut           0%         N/A       92%         2
 Call Canine Familiar     Summ           0%         N/A       99%         3
 Confusing Touch          Hex            0%         N/A       99%         3
 Conjure Flame            Conj/Fire      0%         6-21      99%         3
 Frozen Ramparts          Ice            0%         1d2       99%         3
 Ignite Poison            Fire/Tmut/Pois 0%         N/A       99%         3
 Inner Flame              Hex/Fire       0%         N/A       99%         3
 Lesser Beckoning         Tloc           0%         N/A       99%         3
 Mephitic Cloud           Conj/Pois/Air  0%         N/A       99%         3
 Ozocubu's Armour         Ice            0%         N/A       99%         3
 Spider Form              Tmut/Pois      0%         N/A       99%         3
 Summon Guardian Golem    Hex/Summ       0%         N/A       99%         3
 Swiftness                Air            0%         N/A       99%         3
 Tukima's Dance           Hex            0%         N/A       99%         3
 Vampiric Draining        Necr           0%         2d6       99%         3
 Anguish                  Hex/Necr       0%         N/A       100%        4
 Animate Armour           Summ/Erth      0%         N/A       100%        4
 Animate Dead             Necr           0%         N/A       100%        4
 Cause Fear               Hex            0%         N/A       100%        4
 Flame Wave               Conj/Fire      0%         2d4       100%        4
 Fulminant Prism          Conj/Hex       0%         3d6       100%        4
 Hailstorm                Conj/Ice       0%         3d3       100%        4
 Ice Form                 Ice/Tmut       0%         N/A       100%        4
 Leda's Liquefaction      Hex/Erth       0%         N/A       100%        4
 Olgreb's Toxic Radiance  Pois           0%         N/A       100%        4
 Petrify                  Tmut/Erth      0%         N/A       100%        4
 Sticky Flame             Conj/Fire      0%         2d3       100%        4
 Summon Ice Beast         Ice/Summ       0%         N/A       100%        4
 Summon Lightning Spire   Summ/Air       0%         N/A       100%        4
 Alistair's Intoxication  Tmut/Pois      0%         N/A       100%        5
 Blade Hands              Tmut           0%         N/A       100%        5
 Borgnjor's Vile Clutch   Necr/Erth      0%         N/A       100%        5
 Fireball                 Conj/Fire      0%         3d3       100%        5
 Freezing Cloud           Conj/Ice/Air   0%         6-21      100%        5
 Irradiate                Conj/Tmut      0%         3d14      100%        5
 Iskenderun's Battlesphe  Conj           0%         2d6       100%        5
 Lightning Bolt           Conj/Air       0%         1d11      100%        5
 Manifold Assault         Tloc           0%         N/A       100%        5
 Metabolic Englaciation   Hex/Ice        0%         N/A       100%        5
 Silence                  Hex/Air        0%         N/A       100%        5
 Summon Forest            Summ/Tloc      0%         N/A       100%        5
 Summon Mana Viper        Hex/Summ       0%         N/A       100%        5
 Death Channel            Necr           0%         N/A       100%        6
 Eringya's Noxious Bog    Tmut/Pois      0%         N/A       100%        6
 Iron Shot                Conj/Erth      0%         9d1       100%        6
 Simulacrum               Ice/Necr       0%         N/A       100%        6
 Starburst                Conj/Fire      0%         6d3       100%        6
 Statue Form              Tmut/Erth      0%         N/A       100%        6
 Summon Cactus Giant      Summ           0%         N/A       100%        6
 Enfeeble                 Hex            0%         N/A       100%        7
 Malign Gateway           Summ/Tloc      0%         N/A       100%        7
 Ozocubu's Refrigeration  Ice            0%         4d5       100%        7
 Spellforged Servitor     Conj/Summ      0%         N/A       100%        7
 Storm Form               Tmut/Air       0%         N/A       100%        7
 Summon Hydra             Summ           0%         N/A       100%        7
 Borgnjor's Revivificati  Necr           0%         N/A       100%        8
 Discord                  Hex            0%         N/A       100%        8
 Ignition                 Fire           0%         3d3       100%        8
 Infestation              Necr           0%         N/A       100%        8
 Maxwell's Capacitive Co  Air            0%         ∞         100%        8
 Necromutation            Tmut/Necr      0%         N/A       100%        8
 Summon Horrible Things   Summ           0%         N/A       100%        8
 Death's Door             Necr           0%         N/A       100%        9
 Dragon's Call            Summ           0%         N/A       100%        9


Dungeon Overview and Level Annotations

Branches:
Dungeon (15/15)            Temple (1/1) D:6            Lair (6/6) D:8
 Shoals (4/4) Lair:2        Snake (4/4) Lair:3        Slime (5/5) Lair:6
    Orc (2/2) D:11            Elf (3/3) Orc:2        Vaults (5/5) D:13
  Crypt (3/3) Vaults:2       Tomb (0/3) Crypt:3      Depths (4/4) D:15
   Hell (visited)             Dis (7/7) Hell            Geh (7/7) Hell
    Coc (0/7) Hell            Tar (1/7) Hell            Zot (5/5) Depths:4
  Sewer (visited)         Ossuary (visited)          Bailey (visited)
  IceCv (visited)         Desolation (visited)      Gauntlet (visited)

Altars:
Ashenzari
Cheibriados
Dithmenos
Elyvilon
Fedhas
Gozag
Hepliaklqana
Kikubaaqudgha
Makhleb
Nemelex Xobeh
Okawaru
Qazlal
Ru
Sif Muna
Trog
Uskayaw
Vehumet
Wu Jian
Xom
Yredelemnul
Zin
The Shining One
Beogh
Jiyva
Lugonu

Shops:
D:4 *(=?!   Orc:2 :[(*   Shoals:2 [   Vaults:1 (   Vaults:2 *   Vaults:4 !(
Crypt:1 *

Portals:
Hell: Depths:1 Depths:2 Depths:3 Depths:4
Abyss: Shoals:1 Depths:1 Depths:3
Pandemonium: Depths:2 Depths:3 Depths:4
Ziggurat: Depths:3

Annotations:
D:6 exclusion: statue
Depths:3 2 exclusions
Dis:7 Dispater


Innate Abilities, Weirdness & Mutations

You have a pair of horns on your head.
You reflexively headbutt those who attack you in melee.
You are partially covered in iridescent scales. (AC +2)
Your flesh is cold resistant. (rC+)
Your magical capacity is low. (-10% MP)
You expend magic power (3 MP) to strengthen your wands.


Message History

Activating: Cleansing Flame (0% risk of failure)
Press: ? - help, Dir - look around, f - activate The golden flame engulfs you but does no damage.
You resist.
The golden flame engulfs Dispater!!
Dispater writhes in agony!
Dispater is moderately wounded.
The golden flame engulfs the iron dragon.
The iron dragon is heavily wounded.
The golden flame engulfs the iron golem!!!
The iron golem is lightly damaged.
The golden flame engulfs the iron golem!!
The iron golem is heavily damaged.
The golden flame engulfs your daeva.
Your daeva completely resists.
The golden flame engulfs the Hell Sentinel!
The Hell Sentinel writhes in agony!
The Hell Sentinel is heavily wounded.
The golden flame engulfs your daeva.
Your daeva completely resists.
The golden flame engulfs the iron golem!!
The iron golem is lightly damaged.
The golden flame engulfs the Hell Sentinel!!!!
The Hell Sentinel writhes in agony!
The Hell Sentinel is heavily wounded.
You hear a shout!
You block the iron golem's attack. x2
The iron dragon breathes metal splinters at you.
The spray of metal splinters hits you but does no damage.
You block the iron golem's attack. The iron golem hits you!!
* * * LOW HITPOINT WARNING * * *
Your daeva blocks the Hell Sentinel's attack.
The Hell Sentinel hits your daeva!
Your daeva hits Dispater with a +2 eudemon blade of holy wrath.
Dispater convulses.
Your daeva hits Dispater but does no damage.
Your daeva hits the Hell Sentinel with a +4 eudemon blade of holy wrath!!
The Hell Sentinel convulses!!
Your daeva hits the Hell Sentinel but does no damage.
Dispater gestures at you. The crystal spear hits you!!!
You die...

*,,,,,,,,,,,,,,,,......
*,,,,,,,,,,,,,,,,,.....
*******,,,,,,,,,,,.....
######******,,,,,,#####
#....######****,,,#...#
#.........#####**,#...'
#...8...8.....###*#...#
#...A&A.........###...#
#..199@9..........'...#
#...1D.####.......#####
#...1###,,###....)...##
#...##,,,*,,##.8......#
#...#,,,,,**,#.........
#..##,,,,,,*,##......8.
#..'....9.,**,#........
#..'..9.1.,**,#........
#..##D....,*,*#.8......


You could see Dispater (ally target), 3 iron golems, 3 Hell Sentinels, an iron
dragon (catching breath) and 2 friendly daevas.

Vanquished Creatures
  Asmodeus (Geh:7)
  the Royal Jelly (Slime:5)
  10 dread liches
  An orb of fire (Zot:1)
  6 ancient liches
  2 juggernauts
  The ghost of jjjjhere the Slayer, a veteran MfDe of Ru (Zot:1)
  Boris (4 times) (Vaults:2 Depths:2 Crypt:1 Vaults:5)
  Bai Suzhen (Vaults:2)
  Margery (Vaults:3)
  A Killer Klown (Zot:5)
  19 caustic shrikes
  A curse toe (Zot:4)
  Vashnia (Snake:2)
  The ghost of SuperSeabass the Warrior, a veteran DjVM of Jiyva (Elf:3)
  Geryon (Hell)
  12 golden dragons
  The ghost of Vailuoroe the Devastator, a veteran GrEE of Lugonu (Crypt:1)
  The ghost of Esecs the Devastator, a veteran GrEE of Lugonu (Crypt:3)
  2 profane servitors
  7 bone dragons
  A doom hound (Crypt:1)
  10 Brimstone Fiends
  6 iron giants
  7 hellephants
  An electric golem (Zot:2)
  A Tzitzimitl (Hell)
  An Ice Fiend (Geh:4)
  A spectral shard shrike (Geh:1)
  15 Hell Sentinels
  18 tentacled monstrosities
  20 searing wretches
  5 Orb Guardians (Zot:5)
  A walking crystal tome (Depths:3)
  8 liches
  A walking divine tome (Depths:2)
  11 acid blobs
  12 quicksilver dragons
  A kraken (Shoals:4)
  2 deep elf master archers (Elf:3)
  8 titans
  2 deep elf blademasters (Elf:3)
  5 sphinxes
  Frances (D:14)
  31 ancient champions
  12 tentacled starspawn
  4 death cobs
  Agnes (D:14)
  An Executioner (Abyss:2)
  16 shadow dragons
  The ghost of finalsalamander the Severer, an adept HOMo of Beogh (Shoals:2)
  8 azure jellies
  10 storm dragons
  4 draconian monks
  3 nagarajas (Snake:4)
  10 tengu reavers
  Ilsuiw (Shoals:3)
  8 revenants
  9 quicksilver elementals
  18 fire giants
  8 rockslimes
  16 frost giants
  4 draconian knights
  Louise (Snake:2)
  5 iron dragons
  5 cacodemons
  3 ghost moths
  2 orc warlords
  17 balrugs
  20 ironbound preservers
  3 curse skulls
  5 deep elf sorcerers
  10 draconian scorchers
  2 angels (Vaults:3)
  8 ghouls
  5 draconian shifters
  3 draconian stormcallers
  2 imperial myrmidons (Desolation)
  8 deep elf elementalists
  The ghost of ZoeForever1 the Unseen, an adept VSEn of Wu Jian (Elf:1)
  11 vault wardens
  8 reapers
  31 war gargoyles
  A spriggan defender (Depths:3)
  4 quicksilver oozes
  5 draconian annihilators
  38 very ugly things
  A juggernaut skeleton (Crypt:3)
  26 stone giants
  The ghost of cbfl8 the Severer, a journeyman MiBe of Trog (D:14)
  7 ironbound thunderhulks
  10 green draconians
  6 deep elf demonologists
  2 spectral hellephants (Crypt:1)
  19 vampire knights
  5 yellow draconians
  12 deep elf annihilators
  14 red draconians
  2 putrid mouths (Crypt:1)
  8 white draconians
  A minotaur (Gauntlet)
  13 black draconians
  5 lorocyprocas
  2 spark wasps
  4 entropy weavers
  14 dire elephants
  23 purple draconians
  6 eidola
  2 spectral elves (Crypt:1)
  10 deep elf death magi
  Josephine (Orc:2)
  13 yaktaur captains
  3 crystal guardians (Desolation)
  6 merfolk javelineers
  3 blizzard demons
  14 merfolk impalers
  14 iron golems
  27 ettins
  5 deep elf high priests
  11 fire dragons
  14 jiangshi
  5 ragged hierophants (Desolation)
  20 great orbs of eyes
  11 ice dragons
  A hydra (shapeshifter) (Depths:2)
  5 rakshasas
  4 salamander tyrants
  8 boulder beetles
  9 hydras
  A caustic shrike simulacrum (Abyss:3)
  15 naga warriors
  40 vault guards
  A spectral shadow dragon (Geh:1)
  A catoblepas (Lair:6)
  8 anacondas
  4 servants of whispers (Desolation)
  An ogre mage (Vaults:5)
  10 ironbound frosthearts
  2 spriggan skeletons
  A fenstrider witch skeleton (Crypt:2)
  6 peacekeepers (Desolation)
  7 spriggan air magi
  A hell beast (Hell)
  3 merfolk aquamancers
  5 merfolk avatars
  11 centaur warriors
  2 death knights
  33 dancing weapons
  A satyr (Shoals:3)
  9 two-headed ogres
  10 stokers
  4 death yaks
  7 thrashing horrors
  7 deep troll earth magi
  14 vampire magi
  8 tengu warriors
  9 deep troll shamans
  2 orc high priests (Orc:2)
  18 hell hogs
  20 naga sharpshooters
  Urug (Orc:2)
  5 spriggan berserkers
  12 hell knights
  7 shock serpents
  14 deep elf knights
  8 soul eaters
  7 crystal echidnas
  A fire crab (shapeshifter) (Elf:1)
  2 shadow wraiths
  7 sun demons
  A titan skeleton (Crypt:1)
  A sixfirhy (Abyss:3)
  11 wretched stars
  A fire crab (Lair:6)
  18 skeletal warriors
  25 sea snakes
  A storm dragon skeleton (Abyss:2)
  A death drake (Abyss:2)
  14 iron trolls
  2 salamander mystics
  4 flayed ghosts
  7 spatial maelstroms
  2 shadow demons
  An orb spider (Abyss:3)
  6 naga ritualists
  4 deep elf archers
  5 bog bodies
  An obsidian statue (Crypt:1)
  A spectral hydra (Geh:1)
  Pikel (D:4)
  6 glowing orange brains
  59 deep trolls
  4 wizards
  8 lindwurms
  10 necromancers
  A shadow dragon zombie (Hell)
  16 harpies
  29 deep elf pyromancers
  28 deep elf zephyrmancers
  12 mana vipers
  33 ugly things
  13 phantasmal warriors
  16 ironbound convokers
  2 jorogumo zombies
  A shining eye (shapeshifter) (Vaults:5)
  A bunyip skeleton (Crypt:2)
  7 orc knights
  8 cyclopes
  7 shining eyes
  A wolf spider (Lair:5)
  4 orc sorcerers
  7 worldbinders
  A spectral ettin (Geh:1)
  10 fauns
  12 elephants
  A spectral centaur (Geh:1)
  A moth of wrath (shapeshifter) (Vaults:4)
  24 moths of wrath
  Maurice (Orc:2)
  14 salamanders
  10 merfolk sirens
  17 manticores
  52 black mambas
  14 guardian serpents
  2 eyes of devastation
  10 water nymphs
  27 vault sentinels
  2 ice statues (IceCv)
  5 apocalypse crabs
  4 rust devils
  15 naga magi
  2 unseen horrors
  5 smoke demons
  12 cane toads
  A centaur skeleton (Hell)
  3 molten gargoyles (Lair:6)
  23 large abominations
  2 orange demons
  3 demonic crawlers
  10 hellions
  A catoblepas zombie (Hell)
  A dire elephant skeleton (Abyss:3)
  5 rime drakes
  An orb spider zombie (Crypt:1)
  14 ancient zymes
  5 efreet
  4 ice devils
  9 tormentors
  6 freezing wraiths
  An alligator snapping turtle skeleton (Hell)
  6 komodo dragons
  12 yaktaurs
  A tengu conjurer (Depths:1)
  A hellwing (Abyss:2)
  9 wind drakes
  35 merfolk
  5 polar bears
  A death yak skeleton (Crypt:3)
  A death drake zombie (Crypt:2)
  4 harpy zombies
  7 trolls
  A meliai (shapeshifter) (Vaults:2)
  2 red devils
  A tarantella (shapeshifter) (Vaults:4)
  A shadow dragon simulacrum (Abyss:2)
  3 hornets
  18 raiju
  19 blink frogs
  A harpy skeleton (Abyss:3)
  31 saltlings (Desolation)
  A snapping turtle (shapeshifter) (Vaults:5)
  A tarantella (Vaults:4)
  106 slime creatures
  24 dream sheep
  14 snapping turtles
  An ettin skeleton (Hell)
  22 flying skulls
  10 ynoxinuls
  4 air elementals
  26 water elementals
  A shadow (D:11)
  A naga simulacrum (Abyss:3)
  23 yaks
  2 culicivoras
  A satyr skeleton (Crypt:1)
  3 vampires
  17 wraiths
  A black mamba skeleton (Crypt:3)
  3 spriggans
  11 wyverns
  3 fire elementals
  4 humans (D:7)
  A steam dragon (shapeshifter) (Elf:1)
  2 steam dragons
  9 chaos spawn
  2 redbacks
  9 basilisks
  7 neqoxecs
  12 spatial vortices
  3 wargs
  4 acid dragons
  55 nagas
  14 water moccasins
  2 harpy simulacra
  7 hell hounds
  4 floating eyes
  A two-headed ogre skeleton (Crypt:3)
  2 naga skeletons
  A floating eye (shapeshifter) (D:15)
  25 orc warriors
  A demonspawn skeleton (Crypt:2)
  A swamp dragon zombie (Crypt:3)
  An ettin simulacrum (Hell)
  4 black bears
  6 necrophages
  87 starcursed masses
  30 wolves
  12 ogres
  A phantom (D:4)
  17 centaurs
  A dream sheep skeleton (Crypt:1)
  4 kobold brigands
  22 bullfrogs
  A palentonga zombie (Crypt:3)
  7 earth elementals
  16 small abominations
  7 gnoll sergeants (Bailey)
  9 scorpions
  A wyvern skeleton (D:7)
  A water moccasin skeleton (D:6)
  3 lindwurm simulacra (IceCv)
  2 yak skeletons
  9 killer bees
  4 lava snakes (Lair:6)
  5 electric eels
  A polar bear skeleton (Crypt:2)
  7 komodo dragon simulacra (IceCv)
  3 centaur zombies
  A quasit (Abyss:3)
  A bullfrog zombie (Crypt:2)
  A crimson imp (Abyss:3)
  3 iron imps
  5 jellies
  21 orc priests
  6 gnoll shamans (Bailey)
  7 hounds
  A bullfrog skeleton (D:6)
  Ijyb (D:4)
  5 iguanas
  Natasha (thrice) (D:4)
  34 orc wizards
  A killer bee zombie (D:5)
  12 mummies (Ossuary)
  3 howler monkey zombies
  13 gnolls (Bailey)
  A river rat (Sewer)
  5 acid dragon simulacra (IceCv)
  11 adders
  2 shadow imps
  16 white imps
  4 ufetubi
  6 steam dragon simulacra (IceCv)
  3 worms
  3 dart slugs
  92 orcs
  2 bats (D:3)
  5 endoplasms
  A giant cockroach (shapeshifter) (Elf:1)
  5 giant cockroaches
  A goblin (shapeshifter) (Elf:1)
  7 hobgoblins
  2 jackals (D:4)
  11 quokkas
  A river rat zombie (Crypt:3)
  20 ball pythons
  A dart slug zombie (Crypt:3)
  A frilled lizard (shapeshifter) (Elf:1)
  3 frilled lizards
  A gnoll skeleton (Ossuary)
  10 goblins
  A goblin skeleton (Ossuary)
  2 jackal skeletons
  16 kobolds
  3 kobold skeletons (Ossuary)
  A kobold zombie (Crypt:3)
  3 orc skeletons (Ossuary)
  A quokka skeleton (D:4)
  A quokka zombie (Crypt:1)
  37 rats
  11 rat skeletons (Ossuary)
  A river rat skeleton (Crypt:3)
  A creeping inferno (Geh:1)
  22 fire vortices
  2 lurking horrors
  5 starspawn tentacles (Abyss:3)
  3 tentacles (Shoals:4)
3281 creatures vanquished.

Vanquished Creatures (collateral kills)
  the Serpent of Hell (Dis:7)
  A juggernaut (Dis:7)
  A hellephant (Geh:7)
  A Hell Sentinel (Dis:7)
  A searing wretch (Geh:7)
  A nagaraja (Abyss:3)
  The ghost of cbfl8 the Warrior, a journeyman MiBe of Trog (Lair:6)
  A very ugly thing (Vaults:1)
  A crystal guardian (Desolation)
  A minotaur (D:13)
  A merfolk javelineer (Shoals:3)
  A deep elf high priest (Vaults:3)
  The ghost of ImmortalDragon the Protected, a journeyman GrGl of Okawaru (D:13)
  A ragged hierophant (Desolation)
  A naga warrior (Snake:4)
  A yaktaur captain (Vaults:1)
  3 vault guards (D:13)
  A servant of whispers (Desolation)
  A rakshasa (Vaults:3)
  2 ogre magi (Vaults:3)
  A peacekeeper (Desolation)
  A centaur warrior (Shoals:2)
  A stoker (Geh:7)
  An anaconda (shapeshifter) (Vaults:3)
  A deep troll earth mage (Vaults:3)
  2 death yaks (Lair:6)
  2 shock serpents (Snake:2)
  A deep troll (Vaults:1)
  A sea snake (Snake:2)
  2 wizards (Vaults:3)
  An ironbound convoker (Desolation)
  An ugly thing (D:13)
  A mana viper (Snake:2)
  4 oklob plants (Lair:4)
  2 necromancers (Vaults:3)
  A faun (Shoals:3)
  3 black mambas (Snake:2)
  An apocalypse crab (Abyss:3)
  A water nymph (Shoals:3)
  A hellion (Geh:7)
  8 merfolk
  7 saltlings (Desolation)
  A snapping turtle (Shoals:3)
  A basilisk (Lair:6)
  A neqoxec (Abyss:3)
  A water moccasin (Lair:6)
  A wolf (Lair:4)
  4 centaurs (D:13)
  A jelly (Lair:6)
  A shadow imp (Abyss:3)
  A fire vortex (Geh:7)
79 creatures vanquished.

Vanquished Creatures (others)
  An eldritch tentacle (Elf:3)
  A fire giant (D:15)
  A spectral caustic shrike (Geh:1)
  A war gargoyle (Dis:7)
  A hell knight (Depths:2)
  A spectral hydra (Geh:1)
  2 deep elf pyromancers
  A water nymph (Shoals:4)
  A rime drake (IceCv)
  A merfolk (Shoals:3)
  A spectral harpy (Geh:1)
  A flying skull (Abyss:3)
  A naga (Snake:4)
  An ogre (Zot:4)
  A fire crab zombie (Crypt:1)
  An orc wizard (Orc:2)
  A gnoll (shapeshifter) (Elf:1)
  A jackal (shapeshifter) (Elf:1)
  A bush (D:8)
  3 creeping infernos
  3 fire vortices
  62 fungi
  2 lurking horrors (Abyss:2)
  206 plants
  25 starspawn tentacles
  15 tentacles (Shoals:4)
  2 withered plants (Lair:6)
338 creatures vanquished.

Grand Total: 3698 creatures vanquished

Notes
Turn   | Place    | Note
-------+----------+-------------------------------------------
     0 | D:1      | Godmorgon the Minotaur Fighter began the quest for the Orb.
     0 | D:1      | Reached XP level 1. HP: 19/19 MP: 0/0
   355 | D:1      | Reached XP level 2. HP: 22/27 MP: 1/1
  1058 | D:2      | Reached XP level 3. HP: 25/33 MP: 2/2
  1349 | D:2      | Identified the +7 mace "Alepupt" {flame, rF+ SInv}
  1446 | D:2      | Noticed a scorpion
  1449 | D:2      | Killed a scorpion
  1450 | D:2      | Reached XP level 4. HP: 41/41 MP: 3/3
  1743 | D:2      | Found a faded altar of an unknown god.
  1912 | D:3      | Found an ancient bone altar of Kikubaaqudgha.
  2177 | D:3      | Reached XP level 5. HP: 47/47 MP: 4/4
  2179 | D:3      | Found a glowing drain.
  2200 | Sewer    | Entered a sewer
  2511 | Sewer    | Reached skill level 5 in Fighting
  2511 | Sewer    | Reached skill level 1 in Throwing
  2511 | Sewer    | Reached skill level 5 in Armour
  2511 | Sewer    | Reached skill level 5 in Shields
  2511 | Sewer    | Reached XP level 6. HP: 50/56 MP: 5/5
  3252 | D:4      | Found Ynaar's Magic Scroll Shoppe.
  3261 | D:4      | Bought a scroll of fear for 38 gold pieces
  3261 | D:4      | Bought a scroll of fog for 22 gold pieces
  3261 | D:4      | Bought a scroll of enchant armour for 82 gold pieces
  3261 | D:4      | Bought a scroll of identify for 22 gold pieces
  3261 | D:4      | Bought a scroll of identify for 22 gold pieces
  3261 | D:4      | Bought a scroll of identify for 22 gold pieces
  3261 | D:4      | Bought a scroll of teleportation for 33 gold pieces
  3266 | D:4      | Found Fuyzyhau's Jewellery Emporium.
  3267 | D:4      | Found Zipy's Weapon Emporium.
  3291 | D:4      | Found Xoomyole's General Store.
  3331 | D:4      | Found a sand-covered staircase.
  3347 | Ossuary  | Entered an ossuary
  3363 | Ossuary  | Reached skill level 5 in Maces & Flails
  3439 | Ossuary  | Reached XP level 7. HP: 61/62 MP: 6/6
  3877 | D:4      | Noticed Natasha
  3892 | D:4      | Killed Natasha
  3900 | D:4      | Noticed Natasha
  3914 | D:4      | Killed Natasha
  4009 | D:4      | Noticed Ijyb
  4027 | D:4      | Killed Ijyb
  4087 | D:4      | Noticed Natasha
  4092 | D:4      | Killed Natasha
  4115 | D:4      | Found Kessif's Distillery.
  4172 | D:4      | Noticed Pikel
  4182 | D:4      | Killed Pikel
  4183 | D:4      | Reached XP level 8. HP: 65/73 MP: 7/7
  4311 | D:5      | Entered Level 5 of the Dungeon
  4352 | D:5      | Found a shimmering blue altar of Sif Muna.
  4458 | D:5      | Reached skill level 5 in Throwing
  5303 | D:6      | Found a staircase to the Ecumenical Temple.
  5309 | Temple   | Entered the Ecumenical Temple
  5378 | Temple   | Became a worshipper of the Shining One
  5643 | D:6      | Reached XP level 9. HP: 76/83 MP: 8/8
  6111 | D:6      | Found a radiant altar of Vehumet.
  6524 | D:7      | Identified the +1 ring mail of Ademol {Harm *Slow rC++ rN+}
  6649 | D:7      | Reached * piety under the Shining One
  6650 | D:7      | Reached skill level 10 in Fighting
  7010 | D:7      | Reached skill level 10 in Maces & Flails
  7707 | D:8      | Found a sacrificial altar of Ru.
  7785 | D:8      | Reached XP level 10. HP: 85/96 MP: 9/9
  7810 | D:8      | Reached skill level 1 in Invocations
  7833 | D:8      | Found a staircase to the Lair.
  8045 | D:8      | Identified the +3 helmet "Xettorud" {rC- rN+ Str+3}
  8277 | D:8      | Noticed a two-headed ogre
  8291 | D:8      | Killed a two-headed ogre
  8488 | D:8      | Found an iron altar of Okawaru.
  9064 | Lair:1   | Entered Level 1 of the Lair of Beasts
  9206 | Lair:1   | Noticed a cane toad
  9212 | Lair:1   | Killed a cane toad
  9726 | Lair:1   | Noticed a six-headed hydra
  9735 | Lair:1   | Killed a six-headed hydra
 10071 | Lair:1   | Noticed a cane toad
 10078 | Lair:1   | Killed a cane toad
 10079 | Lair:1   | Reached XP level 11. HP: 77/105 MP: 13/13
 10419 | Lair:2   | Found a gate leading to a gauntlet.
 10642 | Gauntlet | Entered a Gauntlet
 10642 | Gauntlet | Found a transporter.
 10653 | Gauntlet | Found a transporter.
 10655 | Gauntlet | Found a transporter.
 10656 | Gauntlet | Found a transporter.
 10672 | Gauntlet | Found a large runed translucent door.
 10673 | Gauntlet | Found a large runed translucent door.
 10674 | Gauntlet | Found a large runed translucent door.
 10674 | Gauntlet | Found a large runed translucent door.
 10674 | Gauntlet | Found a runed translucent door.
 10674 | Gauntlet | Found a runed translucent door.
 10675 | Gauntlet | Found a large runed translucent door.
 10676 | Gauntlet | Found a large runed translucent door.
 10677 | Gauntlet | Found a large runed translucent door.
 10677 | Gauntlet | Found a large runed translucent door.
 10677 | Gauntlet | Found a large runed translucent door.
 10677 | Gauntlet | Found a large runed translucent door.
 10677 | Gauntlet | Found a large runed translucent door.
 10677 | Gauntlet | Found a large runed translucent door.
 10678 | Gauntlet | Found a large runed translucent door.
 10678 | Gauntlet | Found a large runed translucent door.
 10679 | Gauntlet | Found a large runed translucent door.
 10679 | Gauntlet | Found a large runed translucent door.
 10681 | Gauntlet | Found a transporter.
 10683 | Gauntlet | Found a transporter.
 10694 | Gauntlet | Found a runed translucent gate.
 10694 | Gauntlet | Found a runed translucent gate.
 10694 | Gauntlet | Found a runed translucent gate.
 10696 | Gauntlet | Found a transporter.
 10696 | Gauntlet | Noticed a necromancer
 10711 | Gauntlet | Found a transporter.
 10762 | Gauntlet | Found a transporter.
 10775 | Gauntlet | Found a transporter.
 10783 | Gauntlet | Found a transporter.
 10790 | Gauntlet | Noticed a quicksilver ooze
 10790 | Gauntlet | Reached ** piety under the Shining One
 11129 | Gauntlet | Reached skill level 5 in Invocations
 11131 | Gauntlet | Killed a necromancer
 11173 | Gauntlet | Found a transporter.
 11196 | Gauntlet | Found a transporter.
 11476 | Gauntlet | Identified the +4 pair of boots of the Trout {rPois Int+3
                  | Dex-2 SInv}
 11494 | Gauntlet | Noticed an orange crystal statue
 11494 | Gauntlet | Found a transporter.
 11529 | Gauntlet | Noticed a minotaur
 11551 | Gauntlet | Killed a minotaur
 12381 | Lair:2   | Found a staircase to the Shoals.
 12602 | Lair:3   | Found a frozen archway.
 12610 | Lair:3   | Reached *** piety under the Shining One
 12636 | IceCv    | Entered an ice cave
 12881 | IceCv    | Reached **** piety under the Shining One
 13190 | IceCv    | Noticed a white draconian
 13202 | IceCv    | Killed a white draconian
 13477 | Lair:3   | Reached XP level 12. HP: 111/115 MP: 16/16
 13506 | Lair:3   | Found an ancient bone altar of Kikubaaqudgha.
 13706 | Lair:3   | Noticed a six-headed hydra
 13713 | Lair:3   | Killed a six-headed hydra
 13800 | Lair:3   | Found a staircase to the Snake Pit.
 14995 | Lair:4   | Reached ***** piety under the Shining One
 16014 | Lair:4   | Identified the +0 buckler of Inviolability {+Blink rCorr
                  | Stlth+}
 16508 | Lair:5   | Noticed an eight-headed hydra
 16513 | Lair:5   | Killed an eight-headed hydra
 16553 | Lair:5   | Reached XP level 13. HP: 110/124 MP: 16/19
 16693 | Lair:5   | Reached skill level 10 in Invocations
 17562 | Lair:5   | Reached skill level 10 in Throwing
 17582 | Lair:5   | Reached skill level 15 in Fighting
 17912 | Lair:6   | Entered Level 6 of the Lair of Beasts
 17998 | Lair:5   | Reached skill level 10 in Armour
 18222 | Lair:6   | Found a runed translucent door.
 18223 | Lair:6   | Found a viscous altar of Jiyva.
 18224 | Lair:6   | Found a staircase to the Slime Pits.
 18792 | Lair:6   | Reached XP level 14. HP: 114/137 MP: 16/20
 18887 | Lair:6   | Found a runed translucent door.
 18890 | Lair:6   | Noticed cbfl8's ghost (journeyman MiBe)
 19809 | Lair:6   | Found a large runed translucent door.
 19843 | Lair:6   | Found a large runed translucent door.
 20235 | Lair:6   | Killed cbfl8's ghost
 20236 | Lair:6   | Reached skill level 1 in Dodging
 20576 | D:4      | Bought a potion of flight for 33 gold pieces
 20576 | D:4      | Bought a potion of resistance for 110 gold pieces
 20576 | D:4      | Bought a potion of haste for 110 gold pieces
 20576 | D:4      | Bought a potion of heal wounds for 55 gold pieces
 20576 | D:4      | Bought a potion of attraction for 33 gold pieces
 20576 | D:4      | Bought a potion of might for 44 gold pieces
 20624 | D:4      | Bought a scroll of teleportation for 39 gold pieces
 20624 | D:4      | Bought a potion of curing for 39 gold pieces
 20624 | D:4      | Bought a scroll of silence for 97 gold pieces
 20818 | D:9      | Found a flagged portal.
 20884 | Bailey   | Entered a bailey
 21276 | Bailey   | Identified the +3 spear of Plog {vorpal, rF++ rCorr Str-5
                  | SInv}
 21277 | Bailey   | Identified the +1 gold dragon scales of Qeutenk {Harm rPois
                  | rF+ rC+ rN+ Str+4}
 21978 | D:10     | Entered Level 10 of the Dungeon
 22007 | D:10     | Found a sparkling altar of Nemelex Xobeh.
 22122 | D:10     | Found a stormy altar of Qazlal.
 22795 | D:11     | Identified the +0 plate armour of the Sturgeon {Str+2}
 23041 | D:11     | Found a staircase to the Orcish Mines.
 23732 | D:12     | Identified the +7 dagger "Ylahoun" {vorpal, rElec}
 23888 | D:12     | Reached ****** piety under the Shining One
 24380 | D:12     | Found a shimmering blue altar of Sif Muna.
 24742 | D:13     | Found a transporter.
 24781 | D:13     | Found a transporter.
 24785 | D:13     | Noticed a white very ugly thing
 24812 | D:13     | Noticed ImmortalDragon's ghost (journeyman GrGl)
 24947 | D:13     | Found a gate to the Vaults.
 25011 | D:13     | Reached XP level 15. HP: 44/149 MP: 3/21
 25599 | D:13     | Found a runed translucent gate.
 25599 | D:13     | Found a runed translucent gate.
 25600 | D:13     | Found a runed translucent gate.
 26061 | D:13     | Killed ImmortalDragon's ghost
 26065 | D:13     | Reached skill level 5 in Dodging
 26145 | D:13     | Gained mutation: You are frail. (-10% HP) [mutagenic glow]
 26344 | D:13     | Reached XP level 16. HP: 144/144 MP: 22/22
 26477 | D:14     | Noticed Frances
 26486 | D:14     | Killed Frances
 26635 | D:14     | Noticed Agnes
 26654 | D:14     | Killed Agnes
 27463 | D:14     | Found a runed translucent gate.
 27463 | D:14     | Found a runed translucent gate.
 27463 | D:14     | Found a runed translucent gate.
 27468 | D:14     | Noticed cbfl8's ghost (journeyman MiBe)
 27469 | D:14     | Found an iron altar of Okawaru.
 27877 | D:15     | Entered Level 15 of the Dungeon
 27957 | D:15     | Identified the +9 broad axe of Linearity {freeze, rN+ Str+2
                  | Int+3}
 28079 | D:15     | Identified the +1 leather armour of Thoughtfulness {-Tele
                  | rElec Str+4}
 28695 | D:15     | Found a staircase to the Depths.
 28822 | D:14     | Killed cbfl8's ghost
 29297 | Orc:1    | Entered Level 1 of the Orcish Mines
 29538 | Orc:1    | You fall into a shaft and drop 1 floor!
 29538 | Orc:2    | Entered Level 2 of the Orcish Mines
 30108 | Orc:2    | Noticed Josephine
 30122 | Orc:2    | Killed Josephine
 30569 | Orc:2    | Noticed Maurice
 30833 | Orc:2    | Killed Maurice
 30888 | Orc:2    | Found a staircase to the Elven Halls.
 31122 | Orc:2    | Noticed Urug
 31153 | Orc:2    | Killed Urug
 31301 | Orc:2    | Found Miagier's Antique Weapon Shoppe.
 31372 | Orc:2    | Found Ulaz's Book Shoppe.
 31508 | Orc:2    | Found Puwuhivu's General Store.
 31514 | Orc:2    | Bought 2 curare-tipped darts for 14 gold pieces
 31514 | Orc:2    | Bought 4 datura-tipped darts for 19 gold pieces
 31523 | Orc:2    | Found Qyjirphiq's Antique Armour Shoppe.
 31866 | Snake:1  | Entered Level 1 of the Snake Pit
 32127 | Snake:1  | Reached XP level 17. HP: 100/153 MP: 23/23
 34483 | Snake:2  | Noticed Louise
 34483 | Snake:2  | Cast into level 2 of the Abyss (Louise)
 34490 | Abyss:2  | Found a corrupted altar of Lugonu.
 35125 | Snake:2  | Escaped the Abyss
 35675 | Snake:2  | Found a runed translucent gate.
 35675 | Snake:2  | Found a runed translucent gate.
 35675 | Snake:2  | Found a runed translucent gate.
 35732 | Snake:2  | Reached skill level 15 in Throwing
 35800 | Snake:2  | Noticed Vashnia
 35822 | Snake:2  | Killed Vashnia
 36028 | Snake:2  | Killed Louise
 36220 | Snake:2  | HP: 6/154 [sea snake (13)]
 36268 | Snake:2  | Reached skill level 10 in Shields
 37589 | Snake:3  | Reached skill level 10 in Dodging
 38393 | Snake:4  | Entered Level 4 of the Snake Pit
 38599 | Snake:4  | Reached XP level 18. HP: 163/163 MP: 24/24
 38855 | Snake:4  | Reached skill level 15 in Armour
 41272 | Snake:4  | Identified the +4 dagger "Eghaje" {vorpal, rPois Will-
                  | Dex+6 Stlth+}
 41310 | Snake:4  | Got a serpentine rune of Zot
 42443 | Shoals:1 | Entered Level 1 of the Shoals
 42890 | Shoals:1 | Found a runed translucent door.
 42920 | Shoals:1 | Found a corrupted altar of Lugonu.
 42920 | Shoals:1 | Found a one-way gate to the infinite horrors of the Abyss.
 43575 | Shoals:2 | Found a transporter.
 43598 | Shoals:2 | Noticed finalsalamander's ghost (adept HOMo)
 44463 | Shoals:2 | Found a transporter.
 44526 | Shoals:2 | Found Zapriaps's Antique Armour Shoppe.
 45416 | Shoals:3 | Found a flickering gateway to a bazaar.
 45435 | Bazaar   | Entered a bazaar
 45435 | Bazaar   | Found Eturigoeth's Book Shop.
 45435 | Bazaar   | Found Zocliat's Jewellery Shop.
 45435 | Bazaar   | Found Bexulonk's Distillery.
 45732 | Bazaar   | Found Pisem's Antique Armour Shoppe.
 45732 | Bazaar   | Found Ogiut's General Store.
 45788 | Bazaar   | Bought the amulet of Vitality {Regen+ HP+15} for 474 gold
                  | pieces
 45788 | Bazaar   | Found the amulet of Vitality {Regen+ HP+15}
 45788 | Bazaar   | Bought the macabre finger necklace {rN+} for 240 gold
                  | pieces
 45788 | Bazaar   | Found the macabre finger necklace {rN+}
 45803 | Bazaar   | Bought a runed cloak for 202 gold pieces
 45969 | Shoals:3 | Reached XP level 19. HP: 172/172 MP: 26/26
 45980 | Shoals:3 | Noticed Ilsuiw
 46003 | Shoals:3 | Killed Ilsuiw
 46671 | Shoals:4 | Entered Level 4 of the Shoals
 49344 | Shoals:4 | Got a barnacled rune of Zot
 51003 | Vaults:1 | Entered Level 1 of the Vaults
 51760 | Vaults:1 | Found Xasiex's Weapon Boutique.
 52767 | Vaults:1 | Paralysed by a great orb of eyes for 7 turns
 53643 | Vaults:1 | Reached XP level 20. HP: 157/183 MP: 28/28
 54089 | Vaults:2 | Noticed Boris
 54106 | Vaults:2 | Killed Boris
 55125 | Vaults:2 | Found a staircase to the Crypt.
 55857 | Vaults:2 | Noticed Bai Suzhen
 56645 | Vaults:2 | Killed Bai Suzhen
 56646 | Vaults:2 | Reached skill level 15 in Shields
 56723 | Vaults:2 | Found Toucig's General Store.
 56731 | Vaults:2 | Bought a scroll of enchant weapon for 112 gold pieces
 56731 | Vaults:2 | Bought a potion of heal wounds for 75 gold pieces
 56731 | Vaults:2 | Bought a scroll of teleportation for 45 gold pieces
 56731 | Vaults:2 | Bought a scroll of blinking for 112 gold pieces
 57132 | Vaults:3 | Found a glowing golden altar of the Shining One.
 57143 | Vaults:3 | Found a crumbling gateway.
 57171 | Vaults:3 | Found a glowing silver altar of Zin.
 57171 | Vaults:3 | Found a white marble altar of Elyvilon.
 57189 | Desolati | Entered the Desolation of Salt
 57355 | Desolati | Identified the ring of the Lich-sworn {Wiz rElec rF+ rC+
                  | Str-3}
 57374 | Desolati | Got the Compendium of Noxious Necromancy
 57390 | Desolati | Identified the ring "Mun Wiuh" {rC+ Str+6 Int+4}
 58448 | Desolati | Identified the +0 pair of boots of Hysteria {Will- Str+3
                  | SInv Stlth+}
 58450 | Desolati | Identified the ring of the Briny Deep {rN+ EV+4 Dex+5
                  | Stlth-}
 58653 | Desolati | Identified the +4 falchion of Viovalo {flame, Int+4}
 58688 | Desolati | Got the Handbook of Shape Shifting
 58709 | Desolati | Got the Disquisition on Curses
 59030 | Vaults:3 | Found a transporter.
 59031 | Vaults:3 | Found a radiant altar of Vehumet.
 60016 | Vaults:3 | Paralysed by a sphinx for 2 turns
 60025 | Vaults:3 | Paralysed by a sphinx for 7 turns
 60992 | Vaults:3 | Reached XP level 21. HP: 189/192 MP: 30/30
 61230 | Vaults:3 | Found a portal to a secret trove of treasure.
 61693 | Vaults:4 | Noticed Margery
 61775 | Vaults:3 | Killed Margery
 62265 | Vaults:3 | You paid a toll of a +5 demon blade to enter a treasure
                  | trove
 62266 | Trove    | Entered a treasure trove
 62280 | Trove    | Identified the ring of Paluffoc {rPois rF+ rN+ Dex+7}
 62289 | Trove    | Identified the ring "Nerieck" {rElec rF+ rN+ rCorr SInv}
 62293 | Trove    | Identified the amulet "Uppuo" {RegenMP +Inv Will+ Str+6
                  | Dex-2}
 62295 | Trove    | Identified the +2 chain mail of the Ward {Will+ Str+3 Int-4
                  | Dex+4}
 62296 | Trove    | Identified the +2 buckler "Epocw" {Regen+}
 63448 | Vaults:4 | Found Kairhin's Distillery.
 63458 | Vaults:4 | Bought a potion of curing for 48 gold pieces
 63458 | Vaults:4 | Bought a potion of cancellation for 128 gold pieces
 63914 | Vaults:4 | Identified the +9 war axe "Otoreof" {spect, rC+ Str+5
                  | Int+3}
 64684 | Vaults:4 | Found Acusor's Weapon Emporium.
 65126 | Elf:1    | Entered Level 1 of the Elven Halls
 65126 | Elf:1    | Found a runed translucent gate.
 65126 | Elf:1    | Found a runed translucent gate.
 65126 | Elf:1    | Found a runed translucent gate.
 65126 | Elf:1    | Found a runed translucent gate.
 65126 | Elf:1    | Found a runed translucent gate.
 65126 | Elf:1    | Found a runed translucent gate.
 65127 | Elf:1    | Found a runed translucent door.
 65156 | Elf:1    | Found a runed translucent door.
 65324 | Elf:1    | Paralysed by an air elemental for 1 turns
 65328 | Elf:1    | Paralysed by an air elemental for 1 turns
 65331 | Elf:1    | Paralysed by an air elemental for 1 turns
 65468 | Elf:1    | Paralysed by an air elemental for 1 turns
 65571 | Elf:1    | Identified the amulet "Vaisulysch" {Acrobat Contam +Blink
                  | rPois MP+9}
 65650 | Elf:1    | Found a runed translucent gate.
 65650 | Elf:1    | Found a runed translucent gate.
 65650 | Elf:1    | Found a runed translucent gate.
 65719 | Elf:1    | Identified a scroll of acquirement
 65742 | Elf:1    | Acquired 1173 gold pieces
 65826 | Elf:1    | Reached skill level 15 in Invocations
 66135 | Elf:1    | Found a runed translucent gate.
 66135 | Elf:1    | Found a runed translucent gate.
 66146 | Elf:1    | Found a runed translucent gate.
 66154 | Elf:1    | Noticed ZoeForever1's ghost (adept VSEn)
 66182 | Elf:1    | Killed ZoeForever1's ghost
 66213 | Elf:1    | Identified the +0 pair of boots "Erameil" {Regen+ Str+4}
 66533 | Elf:2    | Reached skill level 15 in Dodging
 66541 | Elf:2    | Paralysed by an air elemental for 1 turns
 66650 | Elf:2    | Reached XP level 22. HP: 193/203 MP: 32/32
 66930 | Elf:2    | Found a runed translucent gate.
 66937 | Elf:2    | Found a runed translucent gate.
 66943 | Elf:2    | Found a runed translucent gate.
 67022 | Elf:2    | Paralysed by a floating eye for 2 turns
 67141 | Elf:3    | Entered Level 3 of the Elven Halls
 67298 | Elf:3    | Found a runed translucent door.
 67303 | Elf:3    | Noticed SuperSeabass's ghost (veteran DjVM)
 68105 | Elf:3    | Identified the +3 dagger of Bile {freeze, Fly rN+ Will+}
 68413 | Elf:3    | Identified the amulet "Qemoex" {Faith -Cast rElec Dex+4}
 68465 | Elf:3    | Identified the +10 falchion "Dragonslayer" {protect, Int+3}
 68493 | Elf:3    | Identified the +11 great sword of Death {holy, +Blink rN+
                  | Int-4}
 68663 | Elf:3    | Found the +3 hat of Pondering {ponderous, Will+ MP+10
                  | Int+5}
 68733 | Elf:3    | Got Asmodeus's Reference Book on Conjuration
 68734 | Elf:3    | Found the +0 staff of Battle
 68745 | Elf:3    | Identified the +5 ring mail of the Camelopard {Str+4
                  | Slay+3}
 68780 | Elf:3    | Identified the +6 shortbow of Plague {speed, MP+9 Str-2
                  | Int+4 SInv}
 68914 | Elf:3    | Killed SuperSeabass's ghost
 69093 | Elf:3    | Got Sif Muna's Handbook of Earth
 69446 | Shoals:2 | Killed finalsalamander's ghost
 70065 | Vaults:3 | Identified the ring of Pefya {Fire rN+ Int+3 Dex+3 Stlth+}
 70079 | Vaults:3 | Found a transporter.
 70565 | Depths:1 | Entered Level 1 of the Depths
 71726 | Depths:1 | Found a runed translucent door.
 71730 | Depths:1 | Noticed a golden dragon
 72552 | Depths:1 | Found a white marble altar of Elyvilon.
 72621 | Depths:1 | Found a corrupted altar of Lugonu.
 72624 | Depths:1 | Found a gateway to Hell.
 73015 | Depths:1 | Killed a golden dragon
 73022 | Depths:1 | Reached XP level 23. HP: 182/214 MP: 34/34
 73798 | Depths:2 | Found a one-way gate leading to the halls of Pandemonium.
 73826 | Depths:2 | Identified a +5 sacred scourge of holy wrath (a +3 demon
                  | whip blessed by the Shining One)
 73826 | Depths:2 | Received a gift from the Shining One
 73844 | Depths:2 | Found a broken altar of Ashenzari.
 74044 | Depths:2 | Noticed Boris
 74050 | Depths:2 | Killed Boris
 75279 | Depths:2 | Noticed a juggernaut
 75294 | Depths:2 | Killed a juggernaut
 75303 | Depths:2 | Reached skill level 27 in Fighting
 75424 | Depths:2 | Found an opulent altar of Gozag.
 76583 | Depths:3 | Paralysed by a floating eye for 2 turns
 76594 | Depths:3 | Paralysed by a floating eye for 3 turns
 76604 | Depths:3 | Paralysed by a floating eye for 3 turns
 77992 | Depths:3 | Found a one-way gateway to a ziggurat.
 78007 | Depths:3 | Paralysed by a floating eye for 3 turns
 78074 | Depths:4 | Entered Level 4 of the Depths
 79488 | Depths:4 | Reached XP level 24. HP: 206/224 MP: 36/36
 79814 | Depths:4 | Found a runed translucent door.
 79836 | Depths:4 | Found a runed translucent door.
 79838 | Depths:4 | Found a runed translucent door.
 79969 | Depths:4 | Found a runed translucent door.
 80119 | Depths:4 | Found a runed translucent door.
 80123 | Depths:4 | Found a runed translucent door.
 80398 | Depths:4 | Found a gate to the Realm of Zot.
 81305 | Hell     | Entered the Vestibule of Hell
 81305 | Hell     | Noticed Geryon
 81319 | Hell     | Killed Geryon
 81950 | Hell     | Found a gateway to the decaying netherworld of Tartarus.
 82002 | Hell     | Found a gateway to the freezing wastes of Cocytus.
 82098 | Hell     | Found a gateway to the Iron City of Dis.
 82146 | Hell     | Found a gateway to the ashen valley of Gehenna.
 82410 | Crypt:1  | Entered Level 1 of the Crypt
 82424 | Crypt:1  | Noticed Boris
 82431 | Crypt:1  | Killed Boris
 82752 | Crypt:1  | Found a runed translucent gate.
 82752 | Crypt:1  | Found an opulent altar of Gozag.
 82752 | Crypt:1  | Noticed Vailuoroe's ghost (veteran GrEE)
 82753 | Crypt:1  | Found a runed translucent gate.
 82753 | Crypt:1  | Found a runed translucent gate.
 82754 | Crypt:1  | Found Bautasum's Assorted Antiques.
 82790 | Crypt:1  | Killed Vailuoroe's ghost
 82834 | Crypt:1  | Gained mutation: Your body sometimes deteriorates upon
                  | taking damage. [a neqoxec]
 84257 | Crypt:2  | Reached XP level 25. HP: 231/231 MP: 36/36
 84525 | Crypt:2  | Identified the ring of Uclae {rC++ AC+4 Str-5 Dex+5}
 84579 | Crypt:3  | Entered Level 3 of the Crypt
 84664 | Crypt:3  | Noticed a dread lich
 84676 | Crypt:3  | Killed a dread lich
 84771 | Crypt:3  | Found a staircase to the Tomb.
 85411 | Crypt:3  | Got Cigotuvi's Volume of Necromancy
 85492 | Crypt:3  | Noticed a dread lich
 85647 | Crypt:3  | Found a runed translucent gate.
 85647 | Crypt:3  | Found a runed translucent gate.
 85647 | Crypt:3  | Found a runed translucent gate.
 85650 | Crypt:3  | Noticed Esecs's ghost (veteran GrEE)
 85663 | Crypt:3  | Killed Esecs's ghost
 86040 | Crypt:3  | Noticed a dread lich
 86040 | Crypt:3  | Noticed an ancient lich
 86110 | Crypt:3  | Killed a dread lich
 86118 | Crypt:3  | Killed an ancient lich
 86191 | Crypt:2  | Killed a dread lich
 86236 | Crypt:3  | Identified the ring of Paopoyg {rElec rC+ Str+6 Dex+4}
 86238 | Crypt:3  | Identified the ring of Vyby {Fly rElec rPois rF+ Slay-3}
 86659 | Slime:1  | Entered Level 1 of the Pits of Slime
 87236 | Slime:5  | Entered Level 5 of the Pits of Slime
 88132 | Slime:5  | Found a viscous altar of Jiyva.
 88132 | Slime:5  | Noticed the Royal Jelly
 88166 | Slime:5  | Killed the Royal Jelly
 88296 | Slime:5  | Identified the +11 chain mail of Inquiry {Str+3}
 88358 | Slime:5  | Got the Guide on Icy Shape Shifting
 88365 | Slime:5  | Identified the +1 plate armour "Ririar Tebe" {-Cast +Blink
                  | Str+4}
 88409 | Slime:5  | Identified the +5 dagger "Nazasm" {freeze, rN+}
 88413 | Slime:5  | Got a slimy rune of Zot
 88676 | D:8      | Lost mutation: Your body sometimes deteriorates upon taking
                  | damage. [potion of mutation]
 88676 | D:8      | Lost mutation: You are frail. (-10% HP) [potion of
                  | mutation]
 88676 | D:8      | Gained mutation: You have large cloven feet. [potion of
                  | mutation]
 88676 | D:8      | Gained mutation: You have supernaturally acute eyesight.
                  | (SInv) [potion of mutation]
 88875 | Shoals:1 | Voluntarily entered the Abyss.
 89198 | Shoals:1 | Escaped the Abyss
 89276 | Shoals:1 | Voluntarily entered the Abyss.
 89277 | Abyss:1  | Found a corrupted altar of Lugonu.
 89593 | Abyss:2  | Paralysed by accursed screaming for 1 turns
 89598 | Abyss:2  | Paralysed by accursed screaming for 1 turns
 89725 | Abyss:2  | Found an ancient bone altar of Kikubaaqudgha.
 89800 | Abyss:2  | Found a runed translucent door.
 90115 | Abyss:3  | Paralysed by accursed screaming for 1 turns
 90560 | Abyss:3  | Paralysed by accursed screaming for 1 turns
 90577 | Abyss:3  | Paralysed by accursed screaming for 1 turns
 90586 | Abyss:3  | Paralysed by accursed screaming for 1 turns
 90702 | Abyss:3  | Gained mutation: You are occasionally teleported next to
                  | monsters. [a neqoxec]
 90703 | Abyss:3  | Gained mutation: Your spells are a little easier to cast,
                  | but a little less powerful. [a neqoxec]
 90743 | Abyss:3  | Gained mutation: You have hidden genetic defects. [a
                  | neqoxec]
 90753 | Abyss:3  | Gained mutation: You are frail. (-10% HP) [a neqoxec]
 90910 | Shoals:1 | Escaped the Abyss
 91034 | D:8      | Lost mutation: You have hidden genetic defects. [potion of
                  | mutation]
 91034 | D:8      | Lost mutation: You have supernaturally acute eyesight.
                  | (SInv) [potion of mutation]
 91034 | D:8      | Lost mutation: You have large cloven feet. [potion of
                  | mutation]
 91034 | D:8      | Lost intelligence.
 91034 | D:8      | Gained mutation: You are dopey. (Int -2) [potion of
                  | mutation]
 91037 | D:8      | Lost mutation: You are occasionally teleported next to
                  | monsters. [potion of mutation]
 91037 | D:8      | Lost mutation: You are dopey. (Int -2) [potion of mutation]
 91037 | D:8      | Lost mutation: You are frail. (-10% HP) [potion of
                  | mutation]
 91037 | D:8      | Gained mutation: You have a pair of large horns on your
                  | head. [potion of mutation]
 91037 | D:8      | Gained mutation: You do not regenerate when monsters are
                  | visible. [potion of mutation]
 91050 | D:8      | Lost mutation: You have a pair of large horns on your head.
                  | [potion of mutation]
 91050 | D:8      | Lost mutation: Your spells are a little easier to cast, but
                  | a little less powerful. [potion of mutation]
 91050 | D:8      | Lost mutation: You do not regenerate when monsters are
                  | visible. [potion of mutation]
 91050 | D:8      | Gained mutation: Your system is resistant to poisons.
                  | (rPois) [potion of mutation]
 91050 | D:8      | Lost mutation: Your system is resistant to poisons. (rPois)
                  | [potion of mutation]
 91050 | D:8      | Gained mutation: Your spells are a little harder to cast,
                  | but a little more powerful. [potion of mutation]
 91370 | Zot:1    | Entered Level 1 of the Realm of Zot
 91475 | Zot:1    | Noticed an orb of fire
 91478 | Zot:1    | Gained mutation: You tend to lose your temper in combat.
                  | [an orb of fire]
 91485 | Zot:1    | Gained mutation: You are occasionally teleported next to
                  | monsters. [an orb of fire]
 91487 | Zot:1    | Killed an orb of fire
 91539 | Zot:1    | Reached XP level 26. HP: 252/266 MP: 37/37
 91672 | Zot:1    | Got the Catalogue of the Turtledove
 92235 | D:8      | Lost mutation: You are occasionally teleported next to
                  | monsters. [potion of mutation]
 92235 | D:8      | Lost mutation: You tend to lose your temper in combat.
                  | [potion of mutation]
 92235 | D:8      | Lost mutation: Your spells are a little harder to cast, but
                  | a little more powerful. [potion of mutation]
 92235 | D:8      | Gained mutation: Your flesh is cold resistant. (rC+)
                  | [potion of mutation]
 92235 | D:8      | Gained mutation: You are partially covered in iridescent
                  | scales. (AC +2) [potion of mutation]
 92235 | D:8      | Gained mutation: You expend magic power (3 MP) to
                  | strengthen your wands. [potion of mutation]
 92354 | Shoals:1 | Voluntarily entered the Abyss.
 93066 | Abyss:3  | Reached XP level 27. HP: 52/218 MP: 24/37
 93066 | Abyss:3  | Got an abyssal rune of Zot
 93082 | Shoals:1 | Escaped the Abyss
 93778 | Zot:1    | Found a runed translucent door.
 93781 | Zot:1    | Noticed jjjjhere's ghost (veteran MfDe)
 93818 | Zot:1    | Killed jjjjhere's ghost
 94268 | Zot:2    | Identified the +9 broad axe of Defiance {flame, Int+4}
 97074 | Zot:3    | You fall into a shaft and drop 1 floor!
 99241 | Zot:5    | Entered Level 5 of the Realm of Zot
 99277 | Zot:5    | Found an opulent altar of Gozag.
100350 | Vaults:5 | Entered Level 5 of the Vaults
100666 | Vaults:5 | Noticed a dread lich
100669 | Vaults:5 | Noticed a dread lich
100678 | Vaults:5 | Killed a dread lich
100683 | Vaults:5 | Killed a dread lich
101119 | Vaults:5 | Identified the +5 short sword of Eternal Harmony {holy,
                  | +Blink rC+ rN++ Str-4}
101359 | Vaults:5 | Noticed Boris
101365 | Vaults:5 | Killed Boris
101437 | Vaults:5 | Got a silver rune of Zot
101515 | Vaults:5 | Gained mutation: Your magical capacity is low. (-10% MP) [a
                  | shining eye]
101536 | Vaults:5 | Identified the +8 halberd "Qaasmibi" {drain, Stlth+}
101545 | Vaults:5 | Identified the ring of Couqotz {Wiz Fly rPois rC+ Str-2}
102004 | Vaults:5 | Got Adoar's Grimoire of Feathery Malediction
102403 | Vaults:5 | Acquired the amulet "Wiuter" {Reflect Int+2 Slay+3 SH+5}
102906 | Geh:1    | Entered Level 1 of Gehenna
104698 | Geh:7    | Entered Level 7 of Gehenna
104779 | Geh:7    | Reached skill level 27 in Armour
104808 | Geh:7    | The Shining One protects you from harm!
105236 | Geh:7    | Noticed an ancient lich
105242 | Geh:7    | Killed an ancient lich
105635 | Geh:7    | Found the +7 sceptre of Asmodeus
105635 | Geh:7    | Noticed Asmodeus
105652 | Geh:7    | Killed Asmodeus
105685 | Geh:7    | Found the amulet of the Four Winds {rN+ Will+++ Clar}
105704 | Geh:7    | Identified the +4 scale mail of Fagioj {+Blink Will- Str+2
                  | SInv}
105710 | Geh:7    | Identified the +0 robe of Wuete {+Inv Int+4 Dex-2}
105730 | Geh:7    | Identified the +0 plate armour "Selicwol" {rC+++ rCorr
                  | Str-3 Stlth-}
105746 | Geh:7    | Got an obsidian rune of Zot
106022 | Tar:1    | Entered Level 1 of Tartarus
106076 | Dis:1    | Entered Level 1 of the Iron City of Dis
107896 | Dis:3    | Noticed a dread lich
107896 | Dis:3    | Noticed a dread lich
107896 | Dis:3    | Noticed a dread lich
107896 | Dis:3    | Noticed an ancient lich
107896 | Dis:3    | Noticed an ancient lich
107896 | Dis:3    | Noticed a dread lich
107896 | Dis:3    | Noticed an ancient lich
107897 | Dis:3    | Noticed an ancient lich
107897 | Dis:3    | Noticed a dread lich
107900 | Dis:3    | Killed an ancient lich
107900 | Dis:3    | Killed a dread lich
107901 | Dis:3    | Reached skill level 27 in Invocations
107901 | Dis:3    | Killed an ancient lich
107930 | Hell     | Paralysed by a dread lich for 4 turns
107936 | Hell     | Killed a dread lich
108181 | Dis:3    | Killed an ancient lich
108189 | Hell     | Killed a dread lich
108194 | Hell     | Killed a dread lich
108368 | Dis:3    | Killed a dread lich
108376 | Dis:3    | Killed an ancient lich
108472 | Hell     | Reached skill level 27 in Shields
109922 | Dis:4    | You fall into a shaft and drop 2 floors!
111243 | Dis:7    | Entered Level 7 of the Iron City of Dis
111585 | Dis:7    | Reached skill level 27 in Dodging
111594 | Dis:7    | Reached skill level 1 in Stealth
111603 | Dis:7    | Noticed the Serpent of Hell
111609 | Dis:7    | Noticed a juggernaut
112304 | Hell     | Killed a juggernaut
112470 | Dis:7    | Killed the Serpent of Hell
113008 | Dis:7    | Reached skill level 15 in Maces & Flails
113426 | Dis:7    | Noticed a juggernaut
113437 | Dis:7    | Killed a juggernaut
113528 | Dis:7    | Found the +4 staff of Dispater
113528 | Dis:7    | Noticed Dispater
113561 | Dis:7    | Killed from afar by Dispater

Illustrated notes

Levels and vault maps discovered:
D:1:      lemuel_arrival_muddy, layout_basic, serial_bayou_pond_c,
          minmay_pentomino_q2
D:2:      layout_rooms, dreamdust_ecumenical_altar_angels_and_demons,
          minmay_misc_feat_roman, hangedman_decor_clover_reticule,
          minmay_misc_feat_cross
D:3:      layout_basic, nicolae_kikubaaqudgha_miasma_corner,
          portal_sewer_entry_f
D:4:      layout_rooms, nicolae_ossuary_entry_false_entrances, serial_shops,
          nicolae_shop_crystal, shop, kennysheep_mini_moat, shop,
          nicolae_shop_competitors_out_of_business, uniq_pikel, uniq_ijyb,
          uniq_natasha
D:5:      layout_cave_pools, nicolae_overflow_crystal_walls
D:6:      layout_basic, vehumet_statue, minmay_temple_entry_hall, minivault_1,
          minmay_joined_circles
D:7:      nicolae_cairo_tiling_very_big, layout_basic, minmay_ruffians
D:8:      layout_layer_cave, nicolae_ru_the_path_less_chosen,
          mainiacjoe_overflow_alcove_4, due_lair_maze_entry_diamond,
          minmay_misc_feat_secret_circle
D:9:      layout_long_grid, enter_bailey_5
D:10:     layout_cross, kennysheep_mini, kennysheep_little_box, st_stairs_10
D:11:     layout_basic, hiddenorc2_lemuel, minmay_orc_keep
D:12:     layout_rooms, serial_rivers, chequers_serial_rivers_micro_e,
          chequers_serial_rivers_micro_d, chequers_serial_rivers_large_a,
          chequers_serial_rivers_micro_e, chequers_serial_rivers_large_b,
          chequers_serial_rivers_micro_c, lemuel_blue_sif_altar
D:13:     gammafunk_cloud_chamber, layout_basic, erik_vaults_2,
          maelrawn_ghost_gauntlet_escape
D:14:     layout_loops_corners, minivault_26, gammafunk_ghost_fury_of_okawaru,
          uniq_agnes, uniq_frances
D:15:     gammafunk_enter_depths_forms, layout_small_grid,
          nicolae_concentric_dashed_squares_wild
Temple:   eino_wide_crystal_templ
Lair:1:   layout_gridlike, grunt_megastairs_1
Lair:2:   layout_cave_pods, minmay_shoals_entry_hut, gauntlet_entry_generic,
          infiniplex_staircase_pool_2
Lair:3:   layout_concentric_octagons, minmay_snake_entry_guardpost_small,
          basic_altar, portal_ice_cave_entry_imps, beast_lair_carwin_3,
          lemuel_fruit_fields
Lair:4:   minmay_lair_oklob_tunnel, layout_long_grid, serial_bayou_lagoon_b
Lair:5:   nzn_winding_woodlands_cross [nzn_winding_woodlands_5x15_eye,
          nzn_winding_woodlands_5x15_parted,
          nzn_winding_woodlands_5x15_river_crossing,
          nzn_winding_woodlands_5x15_cabin,
          nzn_winding_woodlands_15x15_thick_spiral], layout_long_grid,
          beast_lair_carwin_6
Lair:6:   cheibrodos_lair_end_hotspot, layout_loops_ring, slime_altar_2,
          gammafunk_ghost_grave
Shoals:1: layout_shoals, nicolae_shoals_lost_giant_temple,
          nicolae_shoals_abyss_on_the_beach
Shoals:2: layout_shoals, gammafunk_ghost_arena, serial_shops, shop,
          nicolae_shoals_flooded_hall
Shoals:3: layout_shoals, serial_shops, bzr_firewalk, abandoned_shop, uniq_ilsuiw
Shoals:4: shoals_end_hangedman, layout_shoals
Snake:1:  layout_gridlike, nicolae_snake_guarding_the_ruins,
          serial_bayou_shore_b
Snake:2:  layout_basic, grunt_ministairs_11, nicolae_snake_horde_hoard,
          uniq_louise, uniq_vashnia
Snake:3:  nicolae_snake_nest, layout_cave_town, st_stairs_7
Snake:4:  hellmonk_snake_rune_quicksilver_temple, layout_cave_town,
          serial_bayou, serial_bayou_shore_b, serial_bayou_ford_a,
          serial_bayou_pond_e, serial_bayou_lake_a
Slime:1:  layout_caves
Slime:2:  layout_caves
Slime:3:  layout_caves, cheibrodos_slime_lost_civilization_5
Slime:4:  layout_caves
Slime:5
Orc:1:    layout_diamond_mine, mines2_lemuel
Orc:2:    grunt_orc_cross, layout_caves, uniq_josephine, uniq_maurice
Elf:1:    nicolae_elf_arrival_dilemma, layout_rooms,
          ploomutoo_gammafunk_ghost_potion_laboratory, minivault_28
Elf:2:    nicolae_elf_blades_splatter_lattice
          [nicolae_blade_entry_sentries_behind_glass], layout_onion_city,
          onia_ninara_cookie
Elf:3:    grunt_elf_hall_asides, layout_gridlike, hellmonk_ghost_big_iron,
          grunt_ministairs_5
Vaults:1: vaults_dpeg_diagonal, nicolae_vaults_diagonal_hallway_8, v_misc_2,
          nicolae_vaults_little_squares_3, vaults_mumra_hexcomb,
          v_alt_pattern_6, ontoclasm_vaults_chip, vaults_room_pools,
          nicolae_vaults_little_squares_6,
          nicolae_vaults_windows_and_doors_thing, ontoclasm_vaults_twist,
          dpeg_vaults_monster_box, layout_vaults_chaotic_city, serial_shops,
          nicolae_lakefront_shop
Vaults:2: vaults_room_hangedman_quadrants, nicolae_vaults_little_squares_1,
          minmay_crypt_entry_simple_corners, ontoclasm_vaults_fault,
          nicolae_vaults_sealed_display, layout_vaults_quadrants, serial_shops,
          nicolae_shop_hallway_plus, uniq_bai_suzhen, uniq_boris
Vaults:3: portal_desolation_entry_holy_temple, gammafunk_sealed_library,
          vaults_room_fancy_cross, ontoclasm_vaults_eye,
          nicolae_vaults_network_quinsquares
          [nicolae_vaults_network_quincunx_subvault,
          nicolae_vaults_network_quincunx_subvault,
          nicolae_vaults_network_quincunx_subvault,
          nicolae_vaults_network_quincunx_subvault], v_misc_5,
          hangedman_vaults_slice, v_rooms_5, nicolae_vaults_gold_heap,
          v_alt_pattern_5, vaults_dpeg_cross, vaults_room_semicircle,
          vaults_dpeg_ring, layout_vaults_omnibox, enter_trove_0
Vaults:4: hangedman_vaults_stream, v_rooms_4, nicolae_vaults_angled_halls,
          vaults_mumra_hex, vaults_room_octagon, vaults_room_door_hall,
          hangedman_vaults_maws, vaults_room_guarded_vault,
          nicolae_vaults_what_the_h, v_misc_25, vaults_dpeg_doors,
          vaults_room_mumra_shop_pool, nicolae_vaults_diagonal_hallway_7,
          layout_vaults_ring, serial_shops, shop, uniq_margery
Vaults:5: serial_shops
Crypt:1:  layout_basic, ebering_ghost_gozag, grunt_ministairs_9,
          beargit_elvish_explorers, grunt_crypt_arrival_webbed
Crypt:2:  layout_gridlike
Crypt:3:  david_glass_crypt, layout_misc_corridors, ebering_ghost_rock_garden,
          special_room [special_room_morgue]
Depths:1: minmay_concentric_multi, layout_gridlike, hangedman_coc_ice_floe,
          serial_curves, eino_curves_03, eino_curves_04, elyvilon_altar_1,
          abyss_entry_flame_altar, kennysheep_treasure_room,
          serial_bayou_shore_b
Depths:2: minmay_the_grid_3x2 [minmay_the_grid_tiny_cups,
          minmay_the_grid_medium_cups, minmay_the_grid_plusring,
          minmay_the_grid_fan, minmay_the_grid_large_cup,
          minmay_the_grid_prize_big_room], layout_cave_pools, hell_entry,
          rand_demon_pan_entry_8, nicolae_gozag_cash_rules_everything_around_me,
          eino_tiny_chamber, evilmike_ruin_ashenzari
Depths:3: minmay_cut_squares, layout_small_grid, enter_ziggurat_d, hell_entry,
          kennysheep_small_spiral, pan_entry, abyss_entry_crystal
Depths:4: evilmike_zot_entry_castle, layout_basic, grunt_pan_entry_zigzag,
          hangedman_geh_valley, grunt_decor_fettered
Hell
Dis:1:    nicolae_hells_demon_pit, layout_regular_city
Dis:2:    layout_gridville
Dis:3:    layout_jigsaw, nicolae_hells_leichenhalle
Dis:4:    layout_gridville
Dis:5:    lightli_tower_of_babel
Dis:6:    layout_regular_city, nicolae_dis_emergency_hatch
Dis:7:    dis_grunt_layers
Geh:1:    layout_gehenna_pools_box, nicolae_geh_niches_of_the_damned
Geh:2:    layout_gehenna_lava_caves
Geh:3:    layout_gehenna_pools_triple
Geh:4:    layout_gehenna_pools_triple, nicolae_hells_fiendish_ambush
Geh:5:    layout_gehenna_pools_box
Geh:6:    layout_gehenna_lava_caves, lemuel_flamethrower_3
Geh:7:    geh_mu
Tar:1:    layout_grid_maze, nicolae_tar_cuneiform_sun
Zot:1:    layout_misc_corridors, ebering_ghost_reflecting_pool
Zot:2:    cheibrodos_zot_enchanting_chambers, layout_basic,
          st_single_dragon_hoard_2
Zot:3:    layout_twisted_circle, grunt_ministairs_8
Zot:4:    lemuel_halls_of_wrath, layout_gridlike
Zot:5:    layout_cathedral_of_symmetry, basic_altar

Skill      XL: |  1  2  3  4  5  6  7  8  9 10 11 12 13 14 15 16 17 18 19 20 21 22 23 24 25 26 27 |
---------------+----------------------------------------------------------------------------------+-----
Armour         | 4 5 6 8 10 11 13 14 16 18 19 20 21 22 24 27 | 27.0
Shields        | 4 5 8 10 12 14 15 17 18 19 20 27 | 27.0
Fighting       | 4 5 7 9 11 12 13 14 16 18 19 20 21 22 23 24 25 26 27 | 27.0
Maces & Flails | 3 4 5 6 8 11 13 14 15 | 15.4
Throwing       | 1 2 4 5 7 9 11 13 14 15 16 | 16.8
Invocations    | 4 7 9 10 12 14 15 17 20 21 23 27 | 27.0
Dodging        | 4 5 7 10 11 15 16 18 19 20 27 | 27.0
Stealth        | 1 |  1.0

Action                   |  1- 3 |  4- 6 |  7- 9 | 10-12 | 13-15 | 16-18 | 19-21 | 22-24 | 25-27 || total
-------------------------+-------+-------+-------+-------+-------+-------+-------+-------+-------++-------
Melee: Flail             |    68 |       |       |       |       |       |       |       |       ||    68
       Headbutt          |     3 |    15 |    41 |   110 |   257 |   611 |   812 |   891 |  1857 ||  4597
       Mace              |     6 |   160 |   236 |   456 |   878 |  1887 |  2080 |   936 |    21 ||  6660
       Sacred scourge    |       |       |       |       |       |       |       |  1198 |  4122 ||  5320
Throw: Dart              |     4 |       |       |       |       |       |       |       |       ||     4
       Boomerang         |       |     5 |    15 |    49 |       |    68 |   130 |   184 |   376 ||   827
       Javelin           |       |       |       |    23 |    23 |    46 |    62 |    22 |    73 ||   249
Invok: Divine Shield     |       |       |       |     5 |     5 |    13 |    21 |    12 |    33 ||    89
       Summon Divine War |       |       |       |     1 |     4 |     6 |     7 |     1 |     8 ||    27
       Cleansing Flame   |       |       |       |       |       |     2 |     5 |     2 |    19 ||    28
       Brand Weapon With |       |       |       |       |       |       |       |     1 |       ||     1
Evoke: Wand              |       |       |       |     2 |       |       |     1 |       |     4 ||     7
  Use: Scroll            |       |     8 |     7 |    10 |     3 |     5 |    18 |    16 |    13 ||    80
       Potion            |       |       |     5 |     8 |     3 |     7 |     5 |     2 |    12 ||    42
Armor: Scale mail        |    25 |    58 |    80 |    89 |       |       |       |       |       ||   252
       Chain mail        |       |       |       |    66 |   478 |   389 |       |       |       ||   933
       Plate armour      |       |       |       |       |       |   320 |   778 |   467 |       ||  1565
       Gold dragon scale |       |       |       |       |       |       |       |   254 |  1211 ||  1465
Dodge: Dodged            |    20 |    71 |    88 |   103 |   419 |   631 |   489 |   420 |   801 ||  3042
Block: Buckler           |    12 |    31 |    45 |    78 |   202 |   462 |       |       |       ||   830
       Reflection        |       |       |       |       |       |   145 |   139 |    56 |    49 ||   389
       Tower shield      |       |       |       |       |       |   998 |  3121 |  2670 |  4443 || 11232
